 Dungeon Crawl Stone Soup version 0.29.1-15-g9cfb28693d (webtiles) character file.

Game seed: 12561412060609665351

332 Janerl the Magician (level 6, -1/41 HPs)
             Began as a Human Hedge Wizard on Apr 28, 2023.
             Slain by a howler monkey (3 damage)
             ... on level 4 of the Dungeon on May 6, 2023.
             The game lasted 00:23:45 (3607 turns).

Janerl the Magician (Human Hedge Wizard)            Turns: 3607, Time: 00:23:45

Health: -1/41      AC:  3    Str: 10    XL:     6   Next: 82%
Magic:  6/14       EV: 13    Int: 15    God:
Gold:   131        SH:  0    Dex: 14    Spells: 9/15 levels left

rFire   . . .      SeeInvis .   a - +0 dagger
rCold   . . .      Faith    .   (no shield)
rNeg    . . .      Spirit   .   b - +0 robe
rPois   +          Reflect  .   c - +0 hat
rElec   .          Harm     .   (no cloak)
rCorr   .          Rampage  .   n - +0 pair of gloves
Will    .....                   (no boots)
Stlth   ++........              j - amulet of regeneration
HPRegen 0.93/turn               o - ring of poison resistance
MPRegen 0.14/turn               (no ring)

@: attractive
A: no striking features
a: no special abilities


You were on level 4 of the Dungeon.
You visited 1 branch of the dungeon, and saw 4 of its levels.

You collected 131 gold pieces.

Inventory:

Hand Weapons
 a - a +0 dagger (weapon)
Missiles
 u - 6 boomerangs
 y - 3 poisoned darts
Armour
 b - a +0 robe (worn)
 c - a +0 hat (worn)
 n - a +0 pair of gloves (worn)
Jewellery
 j - an amulet of regeneration (around neck)
 o - a ring of poison resistance (left hand)
 r - a ring of magical power
Scrolls
 e - a scroll of brand weapon {unknown}
 f - a scroll of teleportation {unknown}
 h - a scroll of torment {unknown}
 k - a scroll of identify
 l - a scroll of magic mapping
 m - a scroll of vulnerability
 q - a scroll of blinking
 s - a scroll of enchant weapon {unknown}
 v - a scroll of noise {unknown}
Potions
 d - 2 potions of magic
 i - a potion of attraction
 p - a potion of heal wounds {unknown}
 t - a potion of lignification {unknown}
 w - a potion of invisibility {unknown}
 x - a potion of berserk rage {unknown}


   Skills:
 + Level 0.3 Short Blades
 + Level 3.0 Dodging
 + Level 2.3 Stealth
 + Level 5.3 Spellcasting
 + Level 3.0 Conjurations
 + Level 1.1 Summonings
 + Level 1.0 Translocations


You had 9 spell levels left.
You knew the following spells:

 Your Spells              Type           Power      Damage    Failure   Level
a - Magic Dart            Conj           52%        1d5       4%          1
b - Call Imp              Summ           7%         N/A       14%         2
c - Stone Arrow           Conj/Erth      16%        3d8       26%         3

Your spell library contained the following spells:

 Spells                   Type           Power      Damage    Failure   Level
 Sandblast                Erth           8%         2d5       16%         1
 Slow                     Hex            16%        N/A       16%         1
 Blink                    Tloc           14%        N/A       16%         2
 Passwall                 Tmut/Erth      3%         N/A       24%         2
 Conjure Flame            Conj/Fire      8%         6-21      26%         3
 Dazzling Flash           Conj/Hex       16%        N/A       26%         3
 Mephitic Cloud           Conj/Pois/Air  7%         N/A       30%         3
 Agony                    Necr           4%         N/A       99%         5
 Silence                  Hex/Air        2%         N/A       99%         5


Dungeon Overview and Level Annotations

Branches:
Dungeon (4/15)
 Temple: D:4-7

Altars:
Cheibriados


Message History

Aim: a howler monkey (heavily wounded, 100% to hit)
Okay, then.
You feel better. The howler monkey closely misses you.
The orc priest attacks as you move away!
The orc priest hits you but does no damage.
The howler monkey hits you.
* * * LOW HITPOINT WARNING * * *
You feel better. The howler monkey misses you.
Unknown command.
Casting: Magic Dart (safe; 4% risk of failure)
Confirm with . or Enter, or press ? or * to list all spells.
Aiming: Magic Dart (safe; 4% risk of failure)
Press: ? - help, Shift-Dir - straight line, f/p - howler monkey
Aim: a howler monkey (heavily wounded, 100% to hit)
The magic dart hits the howler monkey.
The howler monkey is severely wounded.
The howler monkey barely misses you.
Casting: Magic Dart (safe; 4% risk of failure)
Confirm with . or Enter, or press ? or * to list all spells.
Aiming: Magic Dart (safe; 4% risk of failure)
Press: ? - help, Shift-Dir - straight line, f/p - howler monkey
Aim: a howler monkey (severely wounded, 100% to hit)
The magic dart hits the howler monkey.
The howler monkey is severely wounded.
The howler monkey hits you but does no damage.
Casting: Magic Dart (safe; 4% risk of failure)
Confirm with . or Enter, or press ? or * to list all spells.
Aiming: Magic Dart (safe; 4% risk of failure)
Press: ? - help, Shift-Dir - straight line, f/p - howler monkey
Aim: a howler monkey (severely wounded, 100% to hit)
The magic dart hits the howler monkey but does no damage.
The howler monkey is severely wounded.
The howler monkey barely misses you.
The orc priest calls down the wrath of Beogh upon you.
Beogh smites you!
* * * LOW HITPOINT WARNING * * *
It was a potion of attraction.
You feel attractive to monsters. The howler monkey hits you.
You die...

##...#####'##
#......K†.... ###..# ≈.≈
#####...##... ##..#≈♣.♣≈
#######...#P♣
###≈._.≈###.....)...PP♣♣
# ♣.♣ #...#####..P..P♣
≈.≈ #...# #..♣.♣P♣ #'#
#..o# #†♣♣.♣♣♣ ###h#
#....♣.♣ #@# ###..PP♣
........# ##..P♣
..#..#### ##PPPP..# ....
.P....# ### ####.## .# #


You could see a howler monkey and an orc priest.

Vanquished Creatures
  Sigmund (D:2)
  An orc priest (D:3)
  A hound (D:4)
  A gnoll (D:3)
  2 adders
  4 dart slugs
  2 orcs
  7 ball pythons
  4 bats
  7 endoplasms
  4 giant cockroaches
  6 goblins
  4 hobgoblins
  3 quokkas
  3 frilled lizards (D:3)
  4 kobolds
  6 rats
60 creatures vanquished.

Vanquished Creatures (collateral kills)
  2 gnolls (D:3)
  An orc (D:3)
  A quokka (D:2)
4 creatures vanquished.

Vanquished Creatures (others)
  3 plants (D:4)
3 creatures vanquished.

Grand Total: 67 creatures vanquished

Notes
Turn   | Place    | Note
-------+----------+-------------------------------------------
     0 | D:1      | Janerl the Human Hedge Wizard began the quest for the Orb.
     0 | D:1      | Reached XP level 1. HP: 13/13 MP: 4/4
   291 | D:1      | Reached XP level 2. HP: 19/19 MP: 0/6
   649 | D:1      | Learned a level 2 spell: Call Imp
   753 | D:1      | Reached XP level 3. HP: 24/24 MP: 6/8
   796 | D:1      | Found a faded altar of an unknown god.
   854 | D:1      | You fall into a shaft and drop 1 floor!
   916 | D:2      | Noticed Sigmund
  1674 | D:2      | Killed Sigmund
  1675 | D:2      | Reached skill level 4 in Spellcasting
  1675 | D:2      | Reached XP level 4. HP: 30/30 MP: 3/10
  1675 | D:2      | Reached XP level 5. HP: 35/35 MP: 3/12
  1954 | D:2      | Reached XP level 6. HP: 41/41 MP: 9/13
  2410 | D:3      | Learned a level 3 spell: Stone Arrow
  2471 | D:3      | Reached skill level 5 in Spellcasting
  3482 | D:4      | Found a snail-covered altar of Cheibriados.
  3600 | D:4      | HP: 2/41 [orc priest/divine providence (11)]
  3606 | D:4      | HP: 1/41 [orc priest/divine providence (13)]
  3607 | D:4      | Slain by a howler monkey

Illustrated notes

Levels and vault maps discovered:
D:1:      ncdulo_smallfort, layout_rooms, ebering_ecumenical_altar_sacrificial
D:2:      layout_loops_corners, uniq_sigmund
D:3:      layout_loops_ring
D:4:      layout_basic, nicolae_qazlal_style_of_elements, kennysheep_little_box,
          minmay_temple_entry_gardened_gates, serial_forest,
          infiniplex_forest_clump_cross, infiniplex_forest_clump_tiny,
          infiniplex_forest_straight_3, infiniplex_forest_clump_small,
          infiniplex_forest_straight_3, infiniplex_forest_lined_2,
          nicolae_elemental_shop

Skill      XL: |  1  2  3  4  5  6 |
---------------+-------------------+-----
Spellcasting   | 4 5 |  5.3
Conjurations   | 2 3 |  3.0
Dodging        | 3 |  3.0
Short Blades   | |  0.3
Stealth        | |  2.3
Summonings     | |  1.1
Translocations | |  1.0

Action                   |  1- 3 |  4- 6 || total
-------------------------+-------+-------++-------
Melee: Dagger            |    19 |    42 ||    61
       Punch             |       |     1 ||     1
 Cast: Magic Dart        |    61 |    80 ||   141
       Call Imp          |     2 |     4 ||     6
  Use: Scroll            |       |     4 ||     4
       Potion            |       |     4 ||     4
Armor: Robe              |     3 |     8 ||    11
Dodge: Dodged            |    18 |    45 ||    63
